[Event "1000GM Spring GM-B 2024"]
[Site "New York"]
[Date "2024.03.28"]
[Round "1.1"]
[White "Griffith, Kyron"]
[Black "Eidelman, Gabriel"]
[Result "1-0"]
[ECO "C07"]
[WhiteElo "2352"]
[BlackElo "2374"]
[Annotator "RC"]
[PlyCount "99"]
[EventDate "2024.03.26"]
[EventType "tourn"]
[EventCountry "USA"]
[SourceTitle "playchess.com"]
[Source "ChessBase"]
[SourceQuality "1"]
[TimeControl "5400+30"]

1. e4 e6 2. d4 d5 3. Nd2 c5 4. Ngf3 cxd4 5. Nxd4 Nc6 6. Bb5 Bd7 7. Nxc6 bxc6 8. Bd3 Bd6 9. Qe2 Ne7 10. Nf3 Ng6 11. O-O O-O 12. Re1 e5 13. Rd1 Qc7 14. c4 Rae8 15. cxd5 cxd5 16. Ne1 Kh8 17. Be3 d4 18. Bd2 Qb7 19. b3 Bb4 20. Ba6 Qb6 21. Bxb4 Qxb4 22. Nd3 Qb6 23. Bc4 f5 24. exf5 Bxf5 25. f3 e4 26. fxe4 Rxe4 27. Qd2 Re3 28. Rf1 Rf6 29. Rac1 h6 30. Nb4 d3 31. Nd5 Re2+ 32. Nxb6 Rxd2 33. Nd5 Rf8 34. Ne3 Be4 35. Rxf8+ Nxf8 36. Rf1 Ng6 37. Rf2 Rxf2 38. Kxf2 Nf4 39. g3 Ne2 40. Nf1 Bh7 41. Ke3 Nc3 42. a3 Nd1+ 43. Kd4 Nf2 44. b4 g5 45. a4 Kg7 46. b5 Kf6 47. a5 Ke7 48. b6 axb6 49. a6 Kd6 50. Bd5 1-0

[Event "1000GM Spring GM-B 2024"]
[Site "New York"]
[Date "2024.03.28"]
[Round "1.2"]
[White "Nagy, Gabor"]
[Black "Kaliksteyn, Alexander"]
[Result "1-0"]
[ECO "D45"]
[WhiteElo "2436"]
[BlackElo "2356"]
[Annotator "TA"]
[PlyCount "69"]
[EventDate "2024.03.26"]
[EventType "tourn"]
[EventCountry "USA"]
[SourceTitle "playchess.com"]
[Source "ChessBase"]
[SourceQuality "1"]
[TimeControl "5400+30"]

1. d4 d5 2. c4 e6 3. Nc3 c6 4. e3 Nf6 5. Nf3 Nbd7 6. Qc2 Bd6 7. Bd2 a6 8. e4 Nxe4 9. Nxe4 dxe4 10. Qxe4 {[%emt 0:00:13] The position is equal.} c5 11. O-O-O Nf6 12. Qc2 cxd4 13. Nxd4 Bd7 14. Kb1 Qc7 15. Be2 O-O 16. g4 Bc5 17. Nb3 Bc6 (17... Bxf2 $2 18. g5 Ne8 19. Rhf1 $18 (19. Bb4 Ba4 $18)) 18. f3 Ba4 19. Bd3 g6 {[%emt 0:04:28] [#]} (19... h5 $14) 20. h4 $1 $16 Rfd8 21. h5 Bf8 {[%emt 0:00:24] [#]} (21... e5 $142 22. Bg5 e4) 22. hxg6 $1 $18 hxg6 23. Bc3 $2 (23. Bxg6 $18 fxg6 24. g5) 23... Bg7 $14 24. Qe2 (24. Rh4 {feels hotter.} Qf4 25. Rdh1 b5 26. Bxg6 bxc4 27. g5) 24... b5 25. Ba5 $16 {[%emt 0:03:56] White is more active.} ({Much weaker is} 25. cxb5 $6 Bxb3 26. axb3 axb5 $14) 25... Qe7 26. Bxd8 Rxd8 27. Bc2 ({Better is} 27. cxb5 Bxb3 28. axb3 axb5 29. Be4 (29. Bxb5 Nd5 $16)) 27... Rc8 ({Avoid the trap} 27... bxc4 $2 28. Qxc4 Bb5 29. Qc5 $18) (27... Nd7 $16) 28. c5 Bxb3 29. Bxb3 Nd7 30. f4 Nxc5 {[%emt 0:00:09] [#]} (30... Rxc5 {keeps fighting.} 31. Rhf1 Bf8) 31. f5 $1 $18 Nxb3 32. axb3 {[%emt 0:00:07] Threatens to win with fxg6.} Bf6 $2 (32... g5 33. fxe6 Qxe6 34. Qxe6 fxe6) 33. fxg6 {[%emt 0:00:49] White is clearly winning.} fxg6 34. Rh6 Bg7 35. Rxg6 {[%emt 0:00:38] Weighted Error Value: White=0.19 (very precise) /Black=0.31.  Missed win:     	White=1     	---        Mistake:       	White=1     	Black=6      Inaccurate:     	White=1     	Black=2      OK:         	White=10    	Black=9      Best:        	White=2     	Black=1      Strong:       	White=1     	---        Brilliant:      	White=1     	---} 1-0

[Event "1000GM Spring GM-B 2024"]
[Site "New York"]
[Date "2024.03.28"]
[Round "1.3"]
[White "Girish, A. Koushik"]
[Black "Sinha, Sahil"]
[Result "1/2-1/2"]
[ECO "A17"]
[WhiteElo "2499"]
[BlackElo "2299"]
[Annotator "RC"]
[PlyCount "67"]
[EventDate "2024.03.26"]
[EventType "tourn"]
[EventCountry "USA"]
[SourceTitle "playchess.com"]
[Source "ChessBase"]
[SourceQuality "1"]
[TimeControl "5400+30"]

1. Nf3 Nf6 2. c4 e6 3. Nc3 d5 4. e3 Be7 5. Qc2 O-O 6. g4 Nxg4 7. Rg1 Nf6 8. b3 c5 9. Bb2 Nc6 10. cxd5 exd5 11. Ne2 d4 12. Nf4 Bd6 13. Nd3 Bf5 14. a3 h6 15. b4 dxe3 16. fxe3 cxb4 17. axb4 Nxb4 18. Qb3 a5 19. Nxb4 Bxb4 20. Nd4 Be6 21. Qd3 Qe7 22. Be2 Rfd8 23. Kf2 a4 24. Rad1 a3 25. Ba1 Ra5 26. Bf3 Rg5 27. h4 Rxg1 28. Rxg1 h5 29. Rg5 a2 30. Ke2 Kf8 31. Qb5 Bd7 32. Qxb7 Bg4 33. Qxe7+ Bxe7 34. Ra5 1/2-1/2

[Event "1000GM Spring GM-B 2024"]
[Site "New York"]
[Date "2024.03.28"]
[Round "1.4"]
[White "Mandizha, Farai"]
[Black "Luo, Terry"]
[Result "1-0"]
[ECO "E94"]
[WhiteElo "2380"]
[BlackElo "2333"]
[Annotator "RC"]
[PlyCount "37"]
[EventDate "2024.03.26"]
[EventType "tourn"]
[EventCountry "USA"]
[SourceTitle "playchess.com"]
[Source "ChessBase"]
[SourceQuality "1"]
[TimeControl "5400+30"]

1. d4 Nf6 2. Nf3 g6 3. c4 Bg7 4. Nc3 O-O 5. e4 d6 6. Be2 e5 7. Be3 exd4 8. Nxd4 Re8 9. f3 c6 10. O-O d5 11. cxd5 cxd5 12. Qb3 dxe4 13. Bc4 Qe7 14. fxe4 Nbd7 15. Nf3 Rf8 16. Kh1 Ng4 17. Nd5 Qxe4 18. Bg1 Nde5 19. Nd2 1-0

[Event "1000GM Spring GM-B 2024"]
[Site "New York"]
[Date "2024.03.28"]
[Round "1.5"]
[White "Furfine, Jacob"]
[Black "Paragua, Mark"]
[Result "0-1"]
[ECO "E96"]
[WhiteElo "2343"]
[BlackElo "2451"]
[Annotator "TA"]
[PlyCount "82"]
[EventDate "2024.03.26"]
[EventType "tourn"]
[EventCountry "USA"]
[SourceTitle "playchess.com"]
[Source "ChessBase"]
[SourceQuality "1"]
[TimeControl "5400+30"]

1. d4 Nf6 2. Nf3 g6 3. c4 Bg7 4. Nc3 O-O 5. e4 d6 6. Be2 e5 7. O-O Nbd7 8. Re1 c6 9. Bf1 a5 10. Be3 h6 11. h3 exd4 12. Nxd4 {[%emt 0:09:16] White is slightly better.} Re8 13. f3 Nh5 14. Qd2 Kh7 15. g4 Nhf6 16. Bf2 a4 17. f4 Qa5 {[%emt 0:01:43] [#]} (17... Nc5 $14) 18. Rad1 ({White should play} 18. Nc2 $1 $16) 18... Nc5 $14 19. Bg2 Nfd7 20. Nc2 Nb6 21. Qxd6 Ne6 22. Bf1 Nd7 23. Qd2 g5 24. f5 Nf4 25. Nd4 (25. Kh1 $16) 25... Ne5 26. Be3 $2 {[%emt 0:04:47][%mdl 8192] Now White is beyond hope.} (26. Qc2 $16 {and life is bright.}) 26... c5 $19 27. Bxf4 gxf4 28. Qxf4 cxd4 29. Nd5 Bd7 30. h4 (30. Kh1 $142) 30... Bc6 31. g5 Bxd5 32. cxd5 Bf8 33. Re2 a3 {[%emt 0:02:44] Hoping for ...d3.} 34. Bh3 $2 (34. b3) 34... axb2 35. g6+ Kh8 ({Much less strong is} 35... fxg6 36. Rxb2 Kh8 37. fxg6 $19) 36. Rxb2 Qc3 ({Resist} 36... fxg6 37. fxg6 d3 38. h5 $19) 37. Rb3 Qc2 38. Rd2 (38. Rc1 Qxa2 39. Qg3) 38... Qc1+ {[%emt 0:00:23] Black is clearly winning.} 39. Bf1 fxg6 {[%emt 0:00:55] [#] Threatens to win with ...d3.} 40. fxg6 Bg7 {[%emt 0:00:10] ...Rf8 is the strong threat.} 41. Rxb7 Rf8 {[%emt 0:01:13] Weighted Error Value: White=0.91/Black=0.30.  Loses game:     	White=1     	---        Mistake:       	White=5     	Black=1      Inaccurate:     	White=1     	Black=5      OK:         	White=9     	Black=16     Best:        	White=3     	Black=3} 0-1

[Event "1000GM Spring GM-B 2024"]
[Site "New York"]
[Date "2024.03.28"]
[Round "2.1"]
[White "Eidelman, Gabriel"]
[Black "Paragua, Mark"]
[Result "1/2-1/2"]
[ECO "B08"]
[WhiteElo "2374"]
[BlackElo "2451"]
[Annotator "TA"]
[PlyCount "67"]
[EventDate "2024.03.26"]
[EventType "tourn"]
[EventCountry "USA"]
[SourceTitle "playchess.com"]
[Source "ChessBase"]
[SourceQuality "1"]
[TimeControl "5400+30"]

1. d4 Nf6 2. Nf3 g6 3. Nc3 Bg7 4. e4 d6 5. Be2 O-O 6. O-O Nc6 7. d5 Nb8 8. Be3 e5 9. Nd2 Ne8 10. Nc4 Nd7 {[%emt 0:03:52] White is slightly better.} 11. Qd2 f5 {[%emt 0:03:33] [#] aiming for ...f4.} 12. exf5 gxf5 {[%emt 0:00:08] White must now prevent ...f4.} 13. f4 Nef6 14. fxe5 (14. Rae1 {simplifies} a6 15. a3 Qe7 16. fxe5 Nxe5 17. Bg5) 14... Nxe5 15. Bh6 (15. Rae1 {simplifies} Bd7 16. Nxe5 dxe5 17. Bd3) 15... Bxh6 16. Qxh6 Nfg4 {[%emt 0:00:50] Inhibits Ne3.} 17. Bxg4 Nxc4 18. Be2 Ne5 19. Rf2 Bd7 20. Raf1 Qe7 21. Qd2 a6 {[%emt 0:05:51] Against Nb5} 22. Bd3 (22. Bh5 {is more complex.} Qh4 23. Qh6 Kh8 24. Rf4) 22... Nxd3 23. Qxd3 Rae8 24. Qc4 b5 25. Qf4 Qe3 26. Qxe3 Rxe3 {[%emt 0:00:06] The position is equal.} 27. Re2 Rfe8 28. Rxe3 Rxe3 $11 {[%emt 0:02:32][%mdl 4096] Endgame. KRB-KRN} 29. Kf2 Re5 30. a3 Kg7 31. Rd1 Kf6 32. Rd4 Re7 33. g3 Be8 34. b3 {[%emt 0:09:15] Weighted Error Value: White=0.08 (flawless) /Black=0.07 (flawless) .  Inaccurate:     	White=1     	Black=1      OK:         	White=8     	Black=10     Best:        	---       	Black=1} 1/2-1/2

[Event "1000GM Spring GM-B 2024"]
[Site "New York"]
[Date "2024.03.28"]
[Round "2.2"]
[White "Luo, Terry"]
[Black "Furfine, Jacob"]
[Result "1/2-1/2"]
[ECO "A58"]
[WhiteElo "2333"]
[BlackElo "2343"]
[Annotator "RC"]
[PlyCount "64"]
[EventDate "2024.03.26"]
[EventType "tourn"]
[EventCountry "USA"]
[SourceTitle "playchess.com"]
[Source "ChessBase"]
[SourceQuality "1"]
[TimeControl "5400+30"]

1. d4 Nf6 2. c4 c5 3. d5 b5 4. cxb5 a6 5. bxa6 e6 6. Nc3 exd5 7. Nxd5 Be7 8. Nxe7 Qxe7 9. e3 O-O 10. Nf3 d5 11. Be2 Bxa6 12. O-O Rd8 13. Bxa6 Nxa6 14. Bd2 Ne4 15. Qc2 Qb7 16. Rfd1 c4 17. Be1 Nac5 18. Nd2 Nd6 19. b3 Qa6 20. bxc4 dxc4 21. Nf3 Nd3 22. Nd4 Ne4 23. a4 h6 24. Nb5 Rdc8 25. f3 Nec5 26. Bg3 Nb3 27. Rab1 Qe6 28. Nd6 Qxe3+ 29. Kh1 Nd4 30. Nxc4 Nxc2 31. Nxe3 Nxe3 32. Rxd3 Nc2 1/2-1/2

[Event "1000GM Spring GM-B 2024"]
[Site "New York"]
[Date "2024.03.28"]
[Round "2.3"]
[White "Sinha, Sahil"]
[Black "Mandizha, Farai"]
[Result "1/2-1/2"]
[ECO "E32"]
[WhiteElo "2299"]
[BlackElo "2380"]
[Annotator "RC"]
[PlyCount "51"]
[EventDate "2024.03.26"]
[EventType "tourn"]
[EventCountry "USA"]
[SourceTitle "playchess.com"]
[Source "ChessBase"]
[SourceQuality "1"]
[TimeControl "5400+30"]

1. d4 Nf6 2. c4 e6 3. Nc3 Bb4 4. Qc2 O-O 5. Nf3 b6 6. e4 c5 7. d5 exd5 8. exd5 Re8+ 9. Be2 Ba6 10. Be3 d6 11. Rd1 Nbd7 12. O-O Bxc3 13. bxc3 h6 14. h3 Nf8 15. Bd3 g5 16. Rde1 Kg7 17. Nd2 Ng6 18. a4 Re7 19. Nf3 Qd7 20. Bd2 Rae8 21. Rxe7 Rxe7 22. a5 bxa5 23. Ra1 Bc8 24. Rxa5 Qc7 25. Ra1 Nd7 26. h4 1/2-1/2

[Event "1000GM Spring GM-B 2024"]
[Site "New York"]
[Date "2024.03.28"]
[Round "2.4"]
[White "Kaliksteyn, Alexander"]
[Black "Girish, A. Koushik"]
[Result "0-1"]
[ECO "A26"]
[WhiteElo "2356"]
[BlackElo "2499"]
[Annotator "TA"]
[PlyCount "76"]
[EventDate "2024.03.26"]
[EventType "tourn"]
[EventCountry "USA"]
[SourceTitle "playchess.com"]
[Source "ChessBase"]
[SourceQuality "1"]
[TimeControl "5400+30"]

1. c4 Nf6 2. Nc3 g6 3. g3 Bg7 4. Bg2 O-O 5. Nf3 d6 6. O-O Nc6 7. Rb1 e5 8. d3 h6 9. b4 Be6 10. b5 Ne7 11. Nd2 Qc8 12. Re1 Bh3 13. Bh1 Ng4 {[%emt 0:01:47] White has an edge.} 14. Bb2 f5 15. Nd5 Nxd5 16. cxd5 (16. Bxd5+ $11 Kh7 17. e3) 16... f4 {[%emt 0:02:25][%cal Og4f2] Hoping for ...Nxf2!} 17. Nf3 (17. Ne4 $11 {remains equal.}) 17... Qf5 {[%emt 0:14:40] Black is more active.} 18. Rc1 Rf7 19. Rc4 g5 20. Qc2 {[%emt 0:11:31] [#]} Qd7 (20... Rc8 $1 $17 {Threatens to win with ...Nf6.} 21. Ba3 fxg3 22. hxg3 Qd7) 21. a4 $15 Re8 22. Rc1 Ree7 23. Qb3 (23. Qd2 $11) 23... Qf5 $17 24. a5 fxg3 ({Black should try} 24... b6 $17) 25. hxg3 $15 {[%emt 0:00:08] [#]} Nxf2 $1 26. Kxf2 g4 27. b6 axb6 (27... cxb6 {seems wilder.} 28. axb6 axb6 29. Qxb6 gxf3 30. Bxf3 Bg4) 28. axb6 cxb6 29. Qxb6 gxf3 30. Bxf3 Bg4 31. Qd8+ (31. Qxd6 $2 Bxf3 32. Rc8+ Kh7 $19) 31... Bf8 32. Rxg4+ Qxg4 33. Qxd6 $2 {[%emt 0:00:25][%mdl 8192] This costs White the game.} (33. Kg2 $17 Qg6 34. Qc8) 33... e4 $19 34. dxe4 Rxe4 35. Qb6 {[%emt 0:01:14] [#]} Rxe2+ $3 {[%emt 0:00:18][%mdl 512] Black mates.} 36. Kxe2 Qxf3+ 37. Kd2 Qg2+ (37... Qxg3 $2 {is the wrong capture.} 38. Rg1 $18) 38. Kd3 Rf3+ {[%emt 0:00:13] Weighted Error Value: White=0.67/Black=0.08 (flawless) .  Loses game:     	White=1     	---        Mistake:       	White=3     	Black=2      Inaccurate:     	White=1     	Black=1      OK:         	White=10    	Black=7      Best:        	---       	Black=4} 0-1

[Event "1000GM Spring GM-B 2024"]
[Site "New York"]
[Date "2024.03.28"]
[Round "2.5"]
[White "Griffith, Kyron"]
[Black "Nagy, Gabor"]
[Result "1/2-1/2"]
[ECO "C77"]
[WhiteElo "2352"]
[BlackElo "2436"]
[Annotator "TA"]
[PlyCount "42"]
[EventDate "2024.03.26"]
[EventType "tourn"]
[EventCountry "USA"]
[SourceTitle "playchess.com"]
[Source "ChessBase"]
[SourceQuality "1"]
[TimeControl "5400+30"]

1. e4 e5 2. Nf3 Nc6 3. Bb5 a6 4. Ba4 Nf6 5. O-O Be7 6. d3 b5 7. Bb3 d6 8. a3 O-O 9. Nc3 Rb8 10. Nd5 Nxd5 11. Bxd5 Qe8 12. Re1 Bf6 13. c3 Be6 14. Bxe6 Qxe6 15. d4 exd4 16. cxd4 Na5 17. Bf4 (17. Bd2 $1 $14 Nb7 18. b4) 17... Rbc8 18. a4 {[%emt 0:06:17] [#] Hoping for axb5.} b4 19. Qe2 (19. e5 $16 dxe5 20. Bxe5) 19... Qc4 $11 {[%emt 0:01:50] The position is equal.} 20. Rac1 Qxe2 21. Rxe2 Rfe8 {[%emt 0:00:26] Weighted Error Value: White=0.20 (precise) /Black=0.13 (very precise) .  Mistake:       	White=2     	---        Inaccurate:     	---       	Black=4      OK:         	White=1     	Black=5} 1/2-1/2

[Event "1000GM Spring GM-B 2024"]
[Site "New York"]
[Date "2024.03.29"]
[Round "3.1"]
[White "Nagy, Gabor"]
[Black "Eidelman, Gabriel"]
[Result "1-0"]
[ECO "A21"]
[WhiteElo "2436"]
[BlackElo "2374"]
[Annotator "TA"]
[PlyCount "51"]
[EventDate "2024.03.26"]
[EventType "tourn"]
[EventCountry "USA"]
[SourceTitle "playchess.com"]
[Source "ChessBase"]
[SourceQuality "1"]
[TimeControl "5400+30"]

1. c4 e5 2. Nc3 Bb4 3. Nd5 a5 4. a3 Bc5 5. Nf3 d6 6. d4 exd4 7. Nxd4 {[%emt 0:00:14] Nb5 would now be deadly.} Ne7 8. Bg5 {[%emt 0:03:47] The position is equal.} f6 9. Bf4 O-O 10. h4 a4 11. e3 Nf5 (11... Bxd4 $11 {keeps the balance.} 12. Qxd4 Nd7) 12. Nxf5 $1 $16 Bxf5 {[%emt 0:00:34] [#]} 13. Nxc7 $1 {[%emt 0:02:04][%mdl 512] White is more active.} Qxc7 14. Qd5+ Kh8 {[%emt 0:00:38] White must now prevent ...Qa5+.} 15. Qxf5 Qa5+ {[%emt 0:00:13] [#]} 16. Kd1 $1 Nc6 17. Bd3 {[%emt 0:03:46][%csl Gd3][%cal Rf5h7] Dancing on a razor blade.} g6 18. Qd5 $40 {[%emt 0:00:51][%cal Of4h6][%mdl 128] Hoping for Bh6! White is out for blood.} Ne7 (18... Qd8 $16) 19. Qf3 ({Better is} 19. Qxb7 $18 Qd8 20. Qf3) 19... d5 20. Ke2 (20. Bh6 $18) 20... Qb6 21. Rab1 (21. cxd5 $2 {perishes.} Qxb2+ $19) 21... Rad8 (21... d4 $1 $14) 22. Rhc1 (22. cxd5 $16 {And now e4 would win.} Nxd5 23. Rhd1) 22... dxc4 ({Black should try} 22... d4 $14) 23. Bxc4 {[%emt 0:00:57] White is clearly better.} Nf5 24. g4 Nxh4 {[%emt 0:03:56] [#]} (24... Nd6 $16 {might work better.} 25. Kf1 Nxc4 26. Rxc4 Bxa3) 25. Qg3 $1 $18 g5 26. Bc7 {[%emt 0:00:26] Weighted Error Value: White=0.18 (very precise) /Black=0.30.  Mistake:       	White=3     	Black=6      OK:         	White=4     	Black=5      Best:        	White=3     	Black=3      Strong:       	White=3     	---        Brilliant:      	White=1     	---} 1-0

[Event "1000GM Spring GM-B 2024"]
[Site "New York"]
[Date "2024.03.29"]
[Round "3.2"]
[White "Girish, A. Koushik"]
[Black "Griffith, Kyron"]
[Result "1/2-1/2"]
[ECO "D30"]
[WhiteElo "2499"]
[BlackElo "2352"]
[Annotator "TA"]
[PlyCount "195"]
[EventDate "2024.03.26"]
[EventType "tourn"]
[EventCountry "USA"]
[SourceTitle "playchess.com"]
[Source "ChessBase"]
[SourceQuality "1"]
[TimeControl "5400+30"]

1. d4 Nf6 2. Nf3 d5 3. c4 e6 4. e3 Be7 5. Nbd2 O-O 6. Bd3 c5 7. dxc5 Bxc5 8. O-O Nc6 9. a3 {[%emt 0:00:56] D30: Damengambit (ohne Sc3).} e5 10. cxd5 Qxd5 11. Qc2 Be7 12. Bc4 $146 ({Predecessor:} 12. Ne4 h6 13. Rd1 Qa5 14. Bd2 Qb6 15. Bc3 Bg4 16. Nxf6+ Bxf6 17. Be4 Rac8 18. Qe2 {0-1 Mirza,S (2250)-Clarke,T (2225) Olympiad-30 Manila 1992 (8.4)}) 12... Qd6 13. b4 Bg4 14. Bb2 Rac8 15. Ne4 Qd7 16. Nxf6+ Bxf6 17. Rfd1 Qe7 18. Qe4 Bh5 19. Bd5 Bg6 20. Qg4 Rcd8 21. e4 Qd7 22. Qxd7 Rxd7 23. b5 Nd4 24. Nxd4 exd4 25. f3 Rc8 26. Rac1 Rdc7 27. Rxc7 Rxc7 28. Bxd4 Bxd4+ 29. Rxd4 Kf8 30. Kf2 Ke7 31. Bc4 f6 32. g4 h5 33. Kg3 hxg4 34. Kxg4 Rc5 35. h4 Bh5+ 36. Kg3 Be8 37. a4 a6 38. bxa6 bxa6 39. Bxa6 Ra5 40. Bb5 Bxb5 41. Rd5 Rxa4 42. Rxb5 Ra7 43. h5 Kf7 44. Kg4 g6 45. hxg6+ Kxg6 46. f4 Ra4 47. f5+ Kh6 48. Kf4 Ra1 49. Rb8 Rf1+ 50. Ke3 Re1+ 51. Kf3 Kg7 52. Rb7+ Kf8 53. Kg4 Rh1 54. Rc7 Rg1+ 55. Kf4 Rf1+ 56. Ke3 Rd1 57. Ke2 Rd4 58. Kf3 Rd3+ 59. Ke2 Rd4 60. Ke3 Rd1 61. Rc3 Ke7 62. Rd3 Ra1 63. Kf4 Rf1+ 64. Kg4 Rg1+ 65. Rg3 Re1 66. Kf3 Kf7 67. Rh3 Kg7 68. Rh2 Kg8 69. Rh4 Kg7 70. Kf2 Ra1 71. Ke3 Rd1 72. Rh2 Kf7 73. Rd2 Ra1 74. Kd4 Ra4+ 75. Kd5 Ra5+ 76. Kc6 Ra6+ 77. Kb5 Ra1 78. Rd7+ Ke8 79. Rd6 Ke7 80. Re6+ Kf7 81. Ra6 Re1 82. Ra4 Ke7 83. Kc5 Rc1+ 84. Rc4 Rd1 85. Kc6 Rb1 86. Rc5 Re1 87. Rc4 Rb1 88. Kc7 Ra1 89. Rc6 Ra7+ 90. Kb6 Ra4 91. Re6+ Kf7 92. Kc5 Ra5+ 93. Kc4 Ra4+ 94. Kb5 Ra1 95. Rc6 Re1 96. Rc4 Rb1+ 97. Rb4 Rc1 98. Rc4 1/2-1/2

[Event "1000GM Spring GM-B 2024"]
[Site "New York"]
[Date "2024.03.29"]
[Round "3.3"]
[White "Mandizha, Farai"]
[Black "Kaliksteyn, Alexander"]
[Result "0-1"]
[ECO "E03"]
[WhiteElo "2380"]
[BlackElo "2356"]
[Annotator "RC"]
[PlyCount "86"]
[EventDate "2024.03.26"]
[EventType "tourn"]
[EventCountry "USA"]
[SourceTitle "playchess.com"]
[Source "ChessBase"]
[SourceQuality "1"]
[TimeControl "5400+30"]

1. d4 d5 2. Nf3 Nf6 3. c4 e6 4. g3 dxc4 5. Bg2 c5 6. Qa4+ Nbd7 7. O-O a6 8. dxc5 Bxc5 9. Qxc4 b5 10. Qh4 Bb7 11. Nc3 O-O 12. Bg5 h6 13. Rad1 hxg5 14. Nxg5 Bxg2 15. Kxg2 Qe7 16. Nce4 Rfd8 17. b4 Bxb4 18. Rxd7 Qxd7 19. Nxf6+ gxf6 20. Ne4 Qd5 21. f3 Be7 22. Qg4+ Kf8 23. Qh4 Ke8 24. Qh8+ Kd7 25. Qh7 Rf8 26. g4 Rac8 27. Nf2 Kc7 28. a4 b4 29. Rd1 Qc4 30. Nd3 Kb8 31. a5 Rc7 32. Qh6 Rd8 33. Qe3 Qd4 34. Qd2 b3 35. Rb1 Qc3 36. Qd1 Rxd3 37. Qxd3 Qxd3 38. exd3 Rc2+ 39. Kg3 b2 40. h4 Ba3 41. h5 Rc1 42. h6 Rxb1 43. h7 Rh1 0-1

[Event "1000GM Spring GM-B 2024"]
[Site "New York"]
[Date "2024.03.29"]
[Round "3.4"]
[White "Furfine, Jacob"]
[Black "Sinha, Sahil"]
[Result "0-1"]
[ECO "B50"]
[WhiteElo "2343"]
[BlackElo "2299"]
[Annotator "RC"]
[PlyCount "68"]
[EventDate "2024.03.26"]
[EventType "tourn"]
[EventCountry "USA"]
[SourceTitle "playchess.com"]
[Source "ChessBase"]
[SourceQuality "1"]
[TimeControl "5400+30"]

1. e4 c5 2. Nf3 d6 3. c3 Nf6 4. Be2 Nc6 5. d4 cxd4 6. cxd4 d5 7. e5 Ne4 8. O-O e6 9. Be3 Be7 10. Nc3 f6 11. exf6 Bxf6 12. Nxe4 dxe4 13. Nd2 O-O 14. Nxe4 Bxd4 15. Bxd4 Nxd4 16. Bc4 b5 17. Bb3 Bb7 18. Nc5 Bf3 19. Nxe6 Bxd1 20. Raxd1 Nxe6 21. Bxe6+ Kh8 22. Rxd8 Raxd8 23. f4 g6 24. Rf3 Rd2 25. h3 Rxb2 26. g4 Re2 27. Bd5 Rd8 28. Bb3 a5 29. f5 a4 30. Be6 gxf5 31. gxf5 Rd1+ 32. Rf1 Rxf1+ 33. Kxf1 Rb2 34. f6 b4 0-1

[Event "1000GM Spring GM-B 2024"]
[Site "New York"]
[Date "2024.03.29"]
[Round "3.5"]
[White "Paragua, Mark"]
[Black "Luo, Terry"]
[Result "1/2-1/2"]
[ECO "E08"]
[WhiteElo "2451"]
[BlackElo "2333"]
[Annotator "TA"]
[PlyCount "31"]
[EventDate "2024.03.26"]
[EventType "tourn"]
[EventCountry "USA"]
[SourceTitle "playchess.com"]
[Source "ChessBase"]
[SourceQuality "1"]
[TimeControl "5400+30"]

1. d4 Nf6 2. Nf3 d5 3. c4 e6 4. g3 Bb4+ 5. Bd2 Be7 6. Bg2 O-O 7. O-O c6 8. Qc2 b6 9. Bf4 Bb7 10. Rd1 Nbd7 11. Nc3 dxc4 {[%emt 0:07:55] The position is equal.} 12. Nd2 Nd5 13. Nxc4 Nxf4 14. gxf4 Qc7 15. e3 Nf6 16. Rac1 {[%emt 0:03:48] Not much happened in this game.   Weighted Error Value: White=0.00 (flawless) /Black=0.06 (flawless) .  OK:         	---       	Black=3      Best:        	White=1     	---} 1/2-1/2

[Event "1000GM Spring GM-B 2024"]
[Site "New York"]
[Date "2024.03.29"]
[Round "4.1"]
[White "Eidelman, Gabriel"]
[Black "Luo, Terry"]
[Result "1-0"]
[ECO "E73"]
[WhiteElo "2374"]
[BlackElo "2333"]
[Annotator "RC"]
[PlyCount "77"]
[EventDate "2024.03.26"]
[EventType "tourn"]
[EventCountry "USA"]
[SourceTitle "playchess.com"]
[Source "ChessBase"]
[SourceQuality "1"]
[TimeControl "5400+30"]

1. d4 Nf6 2. c4 g6 3. Nc3 Bg7 4. e4 d6 5. Be2 O-O 6. Be3 c5 7. d5 e6 8. Nf3 exd5 9. cxd5 b5 10. e5 dxe5 11. Bxc5 Re8 12. Bxb5 Nbd7 13. Be3 Ng4 14. O-O Nxe3 15. fxe3 Rb8 16. Qe2 Rf8 17. Rad1 Nc5 18. d6 a6 19. Bc4 Rb6 20. b4 Rxb4 21. Nd5 Rb7 22. Bxa6 Nxa6 23. Qxa6 Rd7 24. Ne7+ Kh8 25. Qc4 Bf6 26. Nc6 Qb6 27. Qe4 Qc5 28. Ncxe5 Rxd6 29. Nxf7+ Rxf7 30. Qe8+ Kg7 31. Rxd6 Qxd6 32. Qxc8 Re7 33. Re1 Qa3 34. e4 Bc3 35. Rf1 Bb2 36. Ng5 Re5 37. Qd7+ Re7 38. Ne6+ Kh6 39. Qd2+ 1-0